AoeStats
← Audi_13

Arena

510141181Analyzed
2v2 RM · 3d ago on Sep 29, 2026· 24m 41s· 4 players
Game mode
Random Map
Map size
Medium (4 player)
Population
200
Speed
Normal
Resources
Standard
Victory
Conquest
Starting age
Dark Age
Ending age
Imperial Age
RankedLock teamsTeams togetherTeam positionsShared explorationLock speedFull tech treeHidden civsTurbo modeCheats
Victory
Defeat
🇲🇽 Varangians · Mexico
1545
+12
🇲🇽 Danes · Mexico
1205
+26
🇨🇴 Persians · Colombia
1483
-20
🇺🇦 Huns · Ukraine
1416
-18
Audi_13
7:16 Loom
10:00 Feudal Age
9:55 Loom
14:42 Castle Age
13:37 Fletching
15:33 Bodkin Arrow
FC_diana2501
9:56 Feudal Age
14:21 Castle Age
12:58 Double-Bit Axe
12:54 Horse Collar
16:52 Bow Saw
20:45 Bow Saw
21:27 Heavy Plow
24:46 Herbal Medicine
Gumndor
5:05 Loom
10:26 Feudal Age
14:50 Castle Age
14:03 Double-Bit Axe
13:58 Horse Collar
17:05 Gambesons
20:57 Scale Mail Armor
23:35 Squires
eloysuarez93
10:00 Feudal Age
13:41 Castle Age
12:08 Horse Collar
13:13 Double-Bit Axe
14:58 Bow Saw
15:49 Heavy Plow
18:03 Loom
19:11 Wheelbarrow
18:49 Fletching
22:54 Gold Mining
Connection lost

Rejoining the realm…

Still unreachable

The connection could not be restored.

Session expired

The server has moved on; the page needs a fresh start.